 Dungeon Crawl Stone Soup version 0.17-a0-372-gcac7fed (webtiles) character file.

56 Malachi the Insei (level 3, 0/28 HPs)
             Began as a Demigod Transmuter on Apr 2, 2015.
             Slain by Natasha (4 damage)
             ... on level 2 of the Dungeon.
             The game lasted 00:03:26 (919 turns).

Malachi the Insei (Demigod Transmuter)               Turns: 919, Time: 00:03:26

Health: 0/28       AC:  4    Str: 13    XL:     3   Next: 47%
Magic:  7/7        EV: 13    Int: 19    God:
Gold:   79         SH:  0    Dex: 16    Spells: 2 memorised, 3 levels left

rFire  . . .     SeeInvis .       - Unarmed
rCold  . . .     Clarity  .     c - +0 robe
rNeg   . . .     SustAb   +     (no shield)
rPois  .         Gourm    .     i - +0 helmet
rElec  .         Spirit   .     (no cloak)
rCorr  .         Warding  .     o - +0 pair of gloves
rMut   .         Stasis   .     (no boots)
MR     .....                    k - amulet of regeneration
Stlth  ++........               (no ring)
                                (no ring)

@: slowed, very slow, not resistant to hostile enchantments, unstealthy
A: high mp 1, sustain abilities
a: no special abilities


You were on level 2 of the Dungeon.
You were not hungry.

You visited 1 branch of the dungeon, and saw 2 of its levels.

You collected 79 gold pieces.

Inventory:

Missiles
 b - 56 arrows
Armour
 c - a +0 robe (worn)
 g - a +0 pair of gloves
 i - a +0 helmet (worn)
 o - a +0 pair of gloves (worn)
Jewellery
 e - an uncursed amulet of guardian spirit
 k - an amulet of regeneration (around neck)
Scrolls
 h - 2 scrolls of teleportation {unknown}
 m - a scroll of enchant weapon
 p - a scroll of random uselessness {unknown}
 s - a scroll of noise {unknown}
Potions
 j - a potion of magic {unknown}
 l - a potion of agility {unknown}
 n - a potion of might {unknown}
 q - a potion of curing {unknown}
Books
 d - a book of Changes

   Spells                             Type                      Level
   a - Beastly Appendage              Transmutation                1
   b - Sticks to Snakes               Transmutation                2
   c - Spider Form                    Transmutation/Poison         3
   d - Ice Form                       Ice/Transmutation            4
   e - Blade Hands                    Transmutation                5
Comestibles
 a - a bread ration
 f - a chunk of flesh
 r - a royal jelly


   Skills:
 + Level 1.2 Fighting
 + Level 2.1 Dodging
 + Level 0.2 Stealth
 + Level 3.2 Unarmed Combat
 + Level 2.3 Spellcasting
 + Level 2.2 Transmutations


You had 3 spell levels left.
You knew the following spells:

 Your Spells              Type           Power        Failure   Level  Hunger
a - Beastly Appendage     Trmt           ##....       10%         1    #......
b - Sticks to Snakes      Trmt           ##........   12%         2    ##.....


Dungeon Overview and Level Annotations

Branches:
Dungeon (2/15)

Annotations:
D:2 Natasha


Innate Abilities, Weirdness & Mutations

You have an increased reservoir of magic (+10% MP).
Your attributes are resistant to harm.


Message History

Natasha is heavily wounded.
Natasha closely misses you.
You barely miss Natasha.
Natasha is heavily wounded.
Natasha claws you! Natasha misses you.
You hit Natasha.
Natasha is heavily wounded.
Natasha claws you.
You closely miss Natasha.
Natasha is heavily wounded.
Natasha misses you. Natasha claws you.
You barely miss Natasha. Your kick misses Natasha.
Natasha is heavily wounded.
Your talons disappear.
Natasha claws you.
* * * LOW HITPOINT WARNING * * *
You closely miss Natasha.
Natasha is heavily wounded.
Natasha claws you.
You die...

#.#########...###
#.#.............#
.####.#.#####.##....#
.>.....#.#####.......#
#.....##.##(.....
#..##...)...##.##
#.......รท......#
#.######.......# #@#
#.#####.# #h# #.# #
#.# #.# #.. #.# ###
#.. #.. ##.


You could see Natasha.

Vanquished Creatures
  An adder (D:2)
  A worm (D:2)
  5 bats
  7 goblins (D:1)
  3 hobgoblins (D:1)
  5 kobolds
  A giant cockroach (D:1)
  2 giant newts (D:1)
  3 rats (D:1)
28 creatures vanquished.

Vanquished Creatures (collateral kills)
  Jessica (D:2)
1 creature vanquished.

Grand Total: 29 creatures vanquished

Notes
Turn   | Place    | Note
--------------------------------------------------------------
     0 | D:1      | Malachi, the Demigod Transmuter, began the quest for the Orb.
     0 | D:1      | Reached XP level 1. HP: 15/15 MP: 5/5
   156 | D:1      | Reached skill level 3 in Unarmed Combat
   273 | D:1      | Reached XP level 2. HP: 22/22 MP: 6/6
   279 | D:1      | Learned a level 2 spell: Sticks to Snakes
   407 | D:1      | Reached skill level 1 in Fighting
   744 | D:2      | Found a shattered altar of Ashenzari.
   746 | D:2      | Noticed Jessica
   766 | D:2      | Killed Jessica
   766 | D:2      | Reached XP level 3. HP: 28/28 MP: 1/7
   905 | D:2      | Noticed Natasha
   919 | D:2      | Slain by Natasha

Action                   || total
-------------------------++-------
Melee: Unarmed           ||    98
 Cast: Beastly Appendage ||    16
       Sticks to Snakes  ||     2
  Use: Scroll            ||     3
 Stab: Distracted        ||     1
  Eat: Chunk             ||     1
